 Seeded DCSS version 0.28.0-53-g5a82cb258f (webtiles) character file.

Game seed: 12646791263056600687 (custom seed)

6295 purpskrrrp the Spear-Bearer (level 10, -17/81 HPs)
             Began as a Demigod Fighter on July 25, 2022.
             Demolished by Joseph
             ... wielding a +0 quarterstaff
              (20 damage)
             ... on level 9 of the Dungeon.
             The game lasted 00:29:43 (10227 turns).

purpskrrrp the Spear-Bearer (Demigod Fighter)      Turns: 10227, Time: 00:29:43

Health: -17/81     AC: 10    Str: 29    XL:     10   Next: 37%
Magic:  13/13      EV: 17    Int: 13    God:
Gold:   1593       SH:  6    Dex: 13    Spells: 9/9 levels left

rFire   + . .      SeeInvis .   d - +8 lance "Wyrmbane" {slay drac, rPois rF+ rC+ AC+3}
rCold   + . .      Faith    .   c - +1 buckler
rNeg    . . .      Spirit   .   i - +0 ring mail "Vagrur" {Int+3 Slay+3}
rPois   +          Reflect  .   (helmet restricted)
rElec   .          Harm     .   y - +0 cloak
rCorr   .          Rampage  .   (no gloves)
Will    ++...                   (no boots)
Stlth   ++........              (no amulet)
HPRegen 0.23/turn               b - +4 ring of evasion
MPRegen 0.13/turn               (no ring)

@: flying, studying Dodging
A: high MP 1, forlorn, divine attributes, horns 1, strong-willed 1, wild magic 1
a: no special abilities


You were on level 9 of the Dungeon.
You visited 1 branch of the dungeon, and saw 9 of its levels.
You also visited: Ossuary.

You collected 2381 gold pieces.
You spent 788 gold pieces at shops.

Inventory:

Hand Weapons
 a - a +0 trident
 d - the +8 lance "Wyrmbane" (weapon) {slay drac, rPois rF+ rC+ AC+3}
   (You took it off an orc priest on level 9 of the Dungeon)

   It inflicts extra damage against dragons and draconians.
   AC:        It affects your AC (+3).
   rF:        It protects you from fire.
   rC:        It protects you from cold.
   rPois:     It protects you from poison.
 l - a +1 spear of flaming
 C - a +2 war axe of flaming
 E - the +9 dagger "Ufae" {flame, rPois rF+++ Will+ Int-5}
   (You found it on level 9 of the Dungeon)

   It burns those it strikes, dealing additional fire damage.
   Int:       It affects your intelligence (-5).
   rF:        It renders you almost immune to fire.
   rPois:     It protects you from poison.
   Will:      It increases your willpower.
Missiles
 o - 2 throwing nets (quivered)
Armour
 c - a +1 buckler (worn)
 f - a +0 helmet
 i - the +0 ring mail "Vagrur" (worn) {Int+3 Slay+3}
   (You found it on level 2 of the Dungeon)

   Int:       It affects your intelligence (+3).
   Slay:      It affects your accuracy & damage with ranged weapons and melee
   (+3).
 y - a +0 cloak (worn)
Jewellery
 b - a +4 ring of evasion (left hand)
 t - a +4 ring of protection
 D - a ring of magical power
 F - a ring of wizardry
Wands
 B - a wand of paralysis (13)
Scrolls
 m - 3 scrolls of teleportation
 q - a scroll of amnesia
 s - a scroll of torment {unknown}
 x - 7 scrolls of identify
Potions
 e - 3 potions of mutation
 g - 4 potions of degeneration {unknown}
 h - a potion of attraction {unknown}
 j - 2 potions of magic {unknown}
 k - 4 potions of lignification {unknown}
 n - 3 potions of curing {unknown}
 p - 3 potions of flight
 r - 4 potions of heal wounds {unknown}
 u - a potion of haste {unknown}
 v - 2 potions of brilliance {unknown}
 w - a potion of resistance {unknown}
 z - 2 potions of ambrosia {unknown}
 A - a potion of invisibility {unknown}


   Skills:
 + Level 5.2 Fighting
 * Level 10.8 Polearms
 + Level 6.0 Armour
 * Level 7.2 Dodging
 + Level 4.2 Stealth
 + Level 4.3 Shields


You had 9 spell levels left.
You didn't know any spells.
Your spell library contained the following spells:

 Spells                   Type           Power      Damage    Failure   Level
 Animate Skeleton         Necr           0%         N/A       58%         1
 Pain                     Necr           0%         1d4       58%         1
 Call Canine Familiar     Summ           0%         N/A       90%         3
 Gell's Gravitas          Tloc           0%         N/A       90%         3
 Portal Projectile        Hex/Tloc       0%         N/A       90%         3
 Teleport Other           Tloc           0%         N/A       90%         3
 Vampiric Draining        Necr           0%         2d6       90%         3
 Fulminant Prism          Conj/Hex       0%         3d6       100%        4
 Iskenderun's Mystic Bla  Conj/Tloc      0%         2d3       100%        4
 Leda's Liquefaction      Hex/Erth       0%         N/A       100%        4
 Agony                    Necr           0%         N/A       100%        5
 Excruciating Wounds      Necr           0%         N/A       100%        5
 Lee's Rapid Deconstruct  Erth           0%         3d5*      100%        5
 Summon Forest            Summ/Tloc      0%         N/A       100%        5
 Summon Mana Viper        Hex/Summ       0%         N/A       100%        5
 Dispersal                Tloc           0%         N/A       100%        6
 Summon Cactus Giant      Summ           0%         N/A       100%        6


Dungeon Overview and Level Annotations

Branches:
Dungeon (9/15)             Temple (0/1) D:5         Ossuary (visited)
   Lair: D:8-11         Orc: D:9-12

Shops:
D:5 ?   D:8 ?

Annotations:
D:9 Joseph


Innate Abilities, Weirdness & Mutations

You have an increased reservoir of magic. (+10% MP)
You shall have no god before yourself.
Your divine heritage dramatically boosts your attributes as you level up.
You have a pair of small horns on your head.
You are strong-willed. (Will+)
Your spells are a little harder to cast, but a little more powerful.


Message History

Joseph rages.
Joseph hits you with a +0 quarterstaff. Joseph hits you with a +0 quarterstaff!
* * * LOW HITPOINT WARNING * * *
You are too injured to fight recklessly!
You are too injured to fight recklessly!
It was a potion of flight.
You feel very buoyant.
You fly up into the air.
Joseph hits you with a +0 quarterstaff.
* * * LOW HITPOINT WARNING * * *
Reach: d) +8 lance "Wyrmbane" {slay drac, rPois rF+ rC+ AC+3}
Press: ? - help, Dir - move target, f/p - Joseph
Aim: Joseph, wielding a +0 quarterstaff, wearing a +0 leather armour, quivering sling bullets and carrying a wand of flame (8) (moderately wounded, berserk, about 25% to evade the +8 lance "Wyrmbane")
You hit Joseph.
Joseph is moderately wounded.
Joseph hits you with a +0 quarterstaff!
* * * LOW HITPOINT WARNING * * *
Reach: d) +8 lance "Wyrmbane" {slay drac, rPois rF+ rC+ AC+3}
Press: ? - help, Dir - move target, f/p - Joseph
Aim: Joseph, wielding a +0 quarterstaff, wearing a +0 leather armour, quivering sling bullets and carrying a wand of flame (8) (moderately wounded, berserk, about 25% to evade the +8 lance "Wyrmbane")
You hit Joseph. You headbutt Joseph.
Joseph is heavily wounded.
Joseph hits you with a +0 quarterstaff!
* * * LOW HITPOINT WARNING * * *
The wight misses you.
Okay, then.
Joseph misses you.
Throw: 3 throwing nets
Press: ? - help, Q - select action, (/) - cycle Shift-Dir - straight line, f - wight, p - Joseph
Aim: a wight, wielding a +2 spear and wearing a +0 robe (63% to hit)
You throw a throwing net. The throwing net hits Joseph.
Joseph is caught in the net!
Joseph is heavily wounded.
Joseph struggles against the net.
You block the wight's attack.
Joseph struggles against the net. x2
The net rips apart, and Joseph comes free!
Joseph closely misses you. You block the wight's attack.
Joseph hits you with a +0 quarterstaff!!
You die...

>.#
#............#
#.# ..#
#............#
#.# ..#
#............#
#.# ..#
#.......###..#
#.# ..#
#.......#
#..###.#
♣♣♣♣♣♣♣♣....#
#......#
.≈≈≈≈≈..♣...#
#...zz.#
≈.....≈.♣...#
#.@.##.#
≈.≈≈≈.≈.♣...#
#.@.##.#
≈≈...≈≈.♣...#
#...##z#
≈≈._.≈≈.♣...#
#.<.##z#
≈≈...≈≈.♣...#
#...##........
≈.≈≈≈.≈.♣...#
#...##........
≈.....≈.♣
#...##..##....
.≈≈≈≈≈..♣
#...##..# ...
♣♣♣♣ #...##..#
.. .†.# #..# .


You could see Joseph (berserk) and 2 wights.

Vanquished Creatures
  A two-headed ogre (D:8)
  Maggie (D:8)
  A shadow (D:6)
  2 humans (D:9)
  3 yaks
  A steam dragon (D:7)
  3 water moccasins
  An ice beast (D:8)
  A hornet zombie (D:8)
  2 black bears
  3 necrophages
  An orc warrior (D:9)
  5 ogres
  A centaur (D:8)
  A phantom (D:5)
  3 elf zombies (Ossuary)
  A kobold brigand (D:8)
  3 bullfrogs
  A gnoll sergeant (D:9)
  5 scorpions
  A wyvern skeleton (D:7)
  A wyvern zombie (D:8)
  A water moccasin zombie (D:5)
  11 killer bees
  3 wights (D:8)
  4 howler monkeys
  3 centaur zombies (Ossuary)
  2 hounds (D:5)
  6 human zombies (Ossuary)
  A jelly (D:6)
  3 orc priests
  A bullfrog zombie (D:5)
  A gnoll shaman (D:6)
  Crazy Yiuf (D:6)
  2 bullfrog skeletons
  Jessica (D:3)
  An iguana (D:6)
  3 orc wizards
  2 hound skeletons
  4 mummies
  11 gnolls
  A howler monkey zombie (D:6)
  8 adders
  A shadow imp (D:8)
  An adder skeleton (D:4)
  3 worms
  5 dart slugs
  22 orcs
  7 ball pythons
  5 endoplasms
  2 giant cockroaches
  8 goblins
  10 hobgoblins
  2 quokkas
  14 bats
  3 frilled lizards
  7 kobolds
  7 rats
209 creatures vanquished.

Notes
Turn   | Place    | Note
-------+----------+-------------------------------------------
     0 | D:1      | purpskrrrp the Demigod Fighter began the quest for the Orb.
     0 | D:1      | Reached XP level 1. HP: 18/18 MP: 3/3
   100 | D:1      | Reached XP level 2. HP: 25/25 MP: 4/4
   113 | D:1      | Reached skill level 2 in Polearms
   910 | D:2      | Identified the +0 ring mail "Vagrur" {Int+3 Slay+3}
   960 | D:2      | Reached XP level 3. HP: 30/30 MP: 5/5
  1771 | D:2      | Reached skill level 1 in Stealth
  1872 | D:3      | Noticed Jessica
  1874 | D:3      | Killed Jessica
  1876 | D:3      | Reached XP level 4. HP: 37/37 MP: 6/6
  1898 | D:3      | Reached skill level 3 in Polearms
  2165 | D:3      | Noticed a +0 falchion
  2166 | D:3      | Noticed a +0 dagger
  2167 | D:3      | Noticed a +0 spear
  2169 | D:3      | Noticed a +0 falchion
  2169 | D:3      | Noticed a +0 spear
  2199 | D:3      | Noticed a +0 short sword
  2199 | D:3      | Noticed a +0 dagger
  2200 | D:3      | Noticed a +0 short sword
  2519 | D:3      | Noticed a necrophage
  2534 | D:3      | Killed a necrophage
  2535 | D:3      | Reached XP level 5. HP: 34/45 MP: 7/7
  2651 | D:3      | Reached skill level 4 in Polearms
  2886 | D:4      | Noticed a black bear
  2894 | D:4      | Killed a black bear
  2895 | D:4      | Reached skill level 1 in Dodging
  2895 | D:4      | Reached XP level 6. HP: 37/51 MP: 8/8
  3268 | D:4      | Reached skill level 5 in Polearms
  3276 | D:4      | Noticed a water moccasin
  3286 | D:4      | Killed a water moccasin
  3585 | D:4      | Reached XP level 7. HP: 4/57 MP: 9/9
  3903 | D:4      | Identified a scroll of acquirement
  3903 | D:4      | Acquired 874 gold pieces
  3934 | D:5      | Entered Level 5 of the Dungeon
  4217 | D:5      | Reached skill level 6 in Polearms
  4608 | D:5      | Reached XP level 8. HP: 63/66 MP: 10/10
  4654 | D:5      | Found Howuorou's Magic Scroll Shoppe.
  4661 | D:5      | Bought a scroll of acquirement for 676 gold pieces
  4661 | D:5      | Acquired 1105 gold pieces
  4681 | D:5      | Found a staircase to the Ecumenical Temple.
  4701 | D:5      | Acquired a manual of Dodging
  4976 | D:6      | Gained mutation: You sometimes lose the ability to read
                  | scrolls when taking damage. [potion of mutation]
  4977 | D:6      | Lost mutation: You sometimes lose the ability to read
                  | scrolls when taking damage. [potion of mutation]
  4977 | D:6      | Gained mutation: You are clumsy. (Dex -2) [potion of
                  | mutation]
  4977 | D:6      | Gained mutation: You have hidden genetic potential. [potion
                  | of mutation]
  5218 | D:6      | Reached skill level 7 in Polearms
  5630 | D:6      | Found a runed translucent door.
  5631 | D:6      | Noticed Crazy Yiuf
  5965 | D:6      | Killed Crazy Yiuf
  5966 | D:6      | Reached skill level 8 in Polearms
  6034 | D:6      | HP: 2/66 [gnoll shaman/+0 club (7)]
  6388 | D:7      | Reached skill level 5 in Armour
  6388 | D:7      | Reached XP level 9. HP: 32/71 MP: 11/11
  6423 | D:7      | Gained mutation: You are partially covered in iridescent
                  | scales. (AC +2) [hidden potential]
  6453 | D:7      | Found a sand-covered staircase.
  6474 | Ossuary  | Entered an ossuary
  6822 | Ossuary  | Reached skill level 9 in Polearms
  7005 | D:7      | Reached skill level 5 in Dodging
  7950 | D:8      | Noticed Maggie
  7972 | D:8      | Killed Maggie
  8093 | D:8      | Reached skill level 10 in Polearms
  8307 | D:8      | Found Verghoh's Magic Scroll Boutique.
  8310 | D:8      | Bought a scroll of identify for 28 gold pieces
  8310 | D:8      | Bought a scroll of identify for 28 gold pieces
  8310 | D:8      | Bought a scroll of identify for 28 gold pieces
  8310 | D:8      | Bought a scroll of identify for 28 gold pieces
  8434 | D:8      | Noticed a two-headed ogre
  8448 | D:8      | Killed a two-headed ogre
  8449 | D:8      | Reached skill level 5 in Fighting
  8449 | D:8      | Reached XP level 10. HP: 27/81 MP: 13/13
  8455 | D:8      | Gained mutation: Your flesh is cold resistant. (rC+)
                  | [hidden potential]
  8455 | D:8      | Lost mutation: You have hidden genetic potential. [hidden
                  | potential expressed]
  8681 | D:8      | Lost mutation: You are partially covered in iridescent
                  | scales. (AC +2) [potion of mutation]
  8681 | D:8      | Lost mutation: Your flesh is cold resistant. (rC+) [potion
                  | of mutation]
  8681 | D:8      | Gained mutation: Your spells are a little harder to cast,
                  | but a little more powerful. [potion of mutation]
  8681 | D:8      | Gained mutation: You are strong-willed. (Will+) [potion of
                  | mutation]
  8681 | D:8      | Lost mutation: You are clumsy. (Dex -2) [potion of
                  | mutation]
  8681 | D:8      | Gained mutation: You have a pair of small horns on your
                  | head. [potion of mutation]
  9962 | D:9      | Identified the +9 dagger "Ufae" {flame, rPois rF+++ Will+
                  | Int-5}
 10054 | D:9      | Noticed an Executioner
 10205 | D:9      | Noticed Joseph
 10220 | D:9      | HP: 1/81 [Joseph/+0 quarterstaff (13)]
 10227 | D:9      | Demolished by Joseph

Illustrated notes

Levels and vault maps discovered:
D:1:      eino_arrival_cavern_b, layout_loops_ring, st_stairs_12
D:2:      layout_loops_corners, ebering_dispersal_statue_hall
D:3:      layout_loops_cross, nicolae_uskayaw_en_pointe,
          hellmonk_ecumenical_altar_pennies_from_heaven,
          nicolae_concentric_dashed_squares_mild, hangedman_decor_growths,
          minmay_fountain_box, uniq_jessica
D:4:      layout_cave_pools, pf_just_have_faith, minmay_misc_feat_encased
D:5:      layout_basic, minmay_temple_entry_stoned_glass, serial_shops,
          nicolae_shop_waterfront
D:6:      minmay_spotlight, layout_cave_pools, grunt_ministairs_3,
          uniq_crazy_yiuf_cottage
D:7:      layout_rooms, gup_ossuary_entry_pyramid,
          nicolae_elevator_lobby_asterisk
D:8:      layout_cave_pods, serial_shops, nicolae_shop_behind_doors, uniq_maggie
D:9:      layout_long_grid, mainiacjoe_overflow_paths, okawaru_humans,
          makhleb_altar_promises_db, serial_shops, nicolae_shop_waterfront,
          uniq_joseph

Skill      XL: |  1  2  3  4  5  6  7  8  9 10 |
---------------+-------------------------------+-----
Polearms       | 2 3 4 5 6 8 10 | 10.8
Armour         | 3 4 5 6 |  6.0
Stealth        | 1 2 3 4 |  4.2
Shields        | 3 4 |  4.3
Fighting       | 3 4 5 |  5.2
Dodging        | 1 3 6 7 |  7.2

Action                   |  1- 3 |  4- 6 |  7- 9 | 10-12 || total
-------------------------+-------+-------+-------+-------++-------
Melee: Trident           |   134 |   157 |    13 |       ||   304
       Spear             |       |       |   507 |    51 ||   558
       Lance             |       |       |       |    37 ||    37
       Headbutt          |       |       |       |    10 ||    10
Throw: Throwing net      |       |       |       |     2 ||     2
  Use: Scroll            |     3 |       |    10 |       ||    13
       Potion            |       |     1 |     5 |     3 ||     9
 Stab: Sleeping          |     1 |     2 |     5 |       ||     8
       Held in net/web   |       |       |       |     1 ||     1
Armor: Scale mail        |    29 |       |       |       ||    29
       Ring mail         |    16 |    36 |    91 |     9 ||   152
Dodge: Dodged            |    52 |    59 |   273 |    43 ||   427
Block: Buckler           |    31 |    26 |    95 |    20 ||   172
